AoeStats
← xiribitatatata

Hideout

509949135Analyzed
1v1 RM · 2d ago on Sep 28, 2026· 54m 34s· 2 players
Game mode
Random Map
Map size
Tiny (2 player)
Population
200
Speed
Normal
Resources
Standard
Victory
Conquest
Starting age
Dark Age
Ending age
Imperial Age
RankedLock teamsTeams togetherTeam positionsShared explorationLock speedFull tech treeHidden civsTurbo modeCheats
Victory
Defeat
🇲🇽 Burgundians · Mexico
690
+14
🇩🇰 Spanish · Denmark
649
-14
erickalejandrozagal
3:35 Loom
10:15 Feudal Age
11:38 Horse Collar
19:00 Castle Age
17:40 Horse Collar
17:47 Double-Bit Axe
19:18 Elite Skirmisher
20:29 Padded Archer Armor
23:59 Scale Barding Armor
25:23 Cavalier
26:27 Stone Mining
33:24 Imperial Age
33:13 Leather Archer Armor
32:49 Fletching
33:30 Bow Saw
34:00 Wheelbarrow
34:08 Forging
34:27 Ballistics
37:28 Iron Casting
37:47 Bodkin Arrow
40:20 Blast Furnace
41:13 Bracer
43:45 Two-Man Saw
42:51 Heavy Plow
43:56 Chemistry
43:42 Hand Cart
43:50 Conscription
44:20 Gold Mining
45:59 Burgundian Vineyards
46:10 Burgundian Vineyards
45:32 Paladin
47:30 Elite Coustillier
48:52 Chain Barding Armor
50:40 Gold Shaft Mining
51:14 Husbandry
51:16 Guard Tower
54:06 Keep
xiribitatatata
9:36 Loom
11:34 Feudal Age
12:14 Double-Bit Axe
12:12 Horse Collar
13:36 Wheelbarrow
14:33 Stone Mining
22:35 Castle Age
21:19 Gold Mining
22:17 Scale Barding Armor
22:03 Fletching
25:05 Hand Cart
28:15 Chain Barding Armor
27:50 Bodkin Arrow
33:09 Thumb Ring
35:00 Heavy Plow
35:54 Padded Archer Armor
38:09 Leather Archer Armor
40:19 Bow Saw
40:40 Murder Holes
41:05 Ballistics
41:54 Husbandry
42:05 Bloodlines
44:57 Imperial Age
45:32 Forging
45:39 Bracer
46:11 Ring Archer Armor
46:18 Plate Barding Armor
45:31 Town Watch
46:52 Chemistry
47:14 Conscription
47:48 Iron Casting
46:38 Cavalier
53:14 Guard Tower
Connection lost

Rejoining the realm…

Still unreachable

The connection could not be restored.

Session expired

The server has moved on; the page needs a fresh start.